 Dungeon Crawl Stone Soup version 0.29.0-15-g675c0067aa (webtiles) character file.

Game seed: 4170452309483534125

31929 qw the Cleaver (level 13, -24/84 HPs)
             Began as a Gargoyle Fighter on Sept 12, 2022.
             Was a High Priest of Okawaru.
             Annihilated by Rupert
             ... wielding a +4 vampiric great sword
              (37 damage)
             ... on level 5 of the Lair of Beasts.
             The game lasted 00:07:37 (14913 turns).

qw the Cleaver (Gargoyle Fighter)                  Turns: 14913, Time: 00:07:38

Health: -24/84     AC: 36    Str: 29    XL:     13   Next: 61%
Magic:  16/20      EV: 15    Int:  9    God:    Okawaru [*****.]
Gold:   460        SH:  6    Dex:  9    Spells: 12/12 levels left

rFire   + . .      SeeInvis .   q - +4 hand axe (vamp)
rCold   + . .      Faith    .   c - +0 buckler
rNeg    + . .      Spirit   .   C - +2 chain mail {rC+}
rPois   inf        Reflect  .   b - +2 helmet
rElec   +          Harm     .   i - +1 cloak {Stlth+}
rCorr   .          Rampage  .   s - +1 pair of gloves "Vyrghaoba" {Drain +Inv Str+4}
Will    .....                   z - +1 pair of boots
Stlth   +.........              (no amulet)
HPRegen 0.24/turn               l - +4 ring of evasion
MPRegen 0.17/turn               k - ring of protection from fire

@: about to teleport, heroic, finesse-ful
A: sickness immunity, AC +9, negative energy resistance 1, electricity
resistance, torment resistance 1, petrification resistance
a: Renounce Religion, Evoke Invisibility, Heroism, Finesse, Duel


You were on level 5 of the Lair of Beasts.
You worshipped Okawaru.
Okawaru was extremely pleased with you.
You visited 2 branches of the dungeon, and saw 16 of its levels.

You collected 996 gold pieces.
You spent 536 gold pieces at shops.


Innate Abilities, Weirdness & Mutations

You are immune to sickness and miasma.
Your stone body is resilient. (AC +9)
You are immune to poison.
You resist negative energy. (rN+)
You are resistant to electric shocks. (rElec)
You are resistant to unholy torment.
You are immune to petrification.


   Skills:
 + Level 10.9(15.9) Fighting
 - Level 14.0(19.0) Axes
 - Level 4.0(9.0) Throwing
 - Level 10.0(15.0) Armour
 - Level 2.0(7.0) Dodging
 - Level 6.7(11.7) Shields
 - Level 10.0 Invocations


You had 12 spell levels left.
You didn't know any spells.
Your spell library was empty.

Inventory:

Hand Weapons
 m - a +0 morningstar
 n - a +0 war axe of chaos
 q - a +4 vampiric hand axe (weapon)
Missiles
 A - 5 javelins (quivered)
Armour
 b - a +2 helmet (worn)
 c - a +0 buckler (worn)
 i - a +1 cloak of stealth (worn)
 j - a +0 plate armour
 s - the +1 pair of gloves "Vyrghaoba" (worn) {Drain +Inv Str+4}
   (You acquired it on level 1 of the Lair of Beasts)

   Str:       It affects your strength (+4).
   +Inv:      It lets you turn invisible.
   Drain:     It drains your maximum health when unequipped.
 x - +0 acid dragon scales
 z - a +1 pair of boots (worn)
 C - a +2 chain mail of cold resistance (worn)
Jewellery
 k - a ring of protection from fire (right hand)
 l - a +4 ring of evasion (left hand)
 u - a ring of protection from fire
 E - a ring of flight
Scrolls
 f - 11 scrolls of identify
 p - a scroll of brand weapon
 w - a scroll of fog
 y - 3 scrolls of blinking
Potions
 d - 4 potions of might
 e - a potion of attraction
 g - a potion of resistance
 h - 5 potions of haste
 o - 2 potions of cancellation
 r - 4 potions of curing
 t - a potion of magic
 v - 3 potions of mutation
 B - a potion of heal wounds {unknown}
 D - a potion of lignification

Dungeon Overview and Level Annotations

Branches:
Dungeon (11/15)            Temple (0/1) D:7            Lair (5/5) D:11
 Shoals (0/4) Lair:3       Spider (0/4) Lair:3        Slime (0/5) Lair:5
    Orc (0/2) D:10

Altars:
Ashenzari
Cheibriados
Dithmenos
Elyvilon
Fedhas
Gozag
Hepliaklqana
Kikubaaqudgha
Nemelex Xobeh
Okawaru
Sif Muna
Trog
Uskayaw
Zin
Jiyva

Shops:
D:6 (   D:8 *   D:11 ?

Annotations:
D:3 1 runed translucent door, Crazy Yiuf
Lair:5 Rupert


Message History

The goliath frog hits you but does no damage.
The blink frog blinks!
Rupert roars wildly at you.
You are confused.
The goliath frog hits you from afar.
You are splashed with acid!
The blink frog blinks!
Rupert roars madly and goes into a rage!
Rupert goes berserk!
The goliath frog hits you but does no damage.
You can move again.
14908 ||| DRINKING 5 potions of curing.
You feel better.
14908 ||| (to cure confusion)
The blink frog blinks!
Rupert hits you with a +4 vampiric great sword!!
The goliath frog hits you but does no damage.
The blink frog hits you!
You closely miss Rupert.
Rupert is heavily wounded.
You hit the blink frog.
You feel better.
Rupert hits you with a +4 vampiric great sword!!
14910 ||| READING scroll of teleportation.
As you read the scroll of teleportation, it crumbles to dust.
You feel strangely unstable. The blink frog misses you.
The goliath frog hits you but does no damage.
Rupert barely misses you. You block the blink frog's attack.
The goliath frog hits you but does no damage.
You barely miss Rupert.
Rupert is heavily wounded.
You slash the blink frog!
Rupert splashes around in the water.
You hit Rupert.
You feel better.
Rupert is heavily wounded.
You slash the blink frog!
You feel better.
The blink frog hits you but does no damage.
You barely miss the blink frog.
The blink frog is severely wounded.
You slash Rupert!
You feel better.
You hit the blink frog.
Rupert hits you with a +4 vampiric great sword!!!
You die...

P~~# ~~~~~~ .
~P~####~~~P~~ #
## ~~#~~~~~~~~~
# P.#
~~~~~P~~~~~
#.~~##
###~~.~~~~~P~
#PP~~~
###PP~~~~~~~~~~
.~~~~P
~.PP))?~@..~~~~
F.~~~~
~~PP)(!@F~~~~~~
F~~~~~
~.P~P$(F%~.~~~~
¤~~~~~
~~.~~~~FP####~~
.P~~~~
P~~.~~~###
.F~~~D ~~~~~~~
P~~~~¤ ~~~~~#~
..~~~~ ~~####~
~.~~~~ ~~ ##
~..~~~


You could see Rupert (berserk), a goliath frog and 2 blink frogs.

Vanquished Creatures
  A boulder beetle (D:9)
  2 two-headed ogres (D:8)
  Urug (Lair:1)
  A cyclops (D:11)
  A black mamba (Lair:3)
  A merfolk siren (Lair:3)
  14 cane toads
  A gargoyle (D:10)
  3 komodo dragons
  Maggie (Lair:1)
  A rime drake (Lair:2)
  2 trolls
  A queen bee (Lair:2)
  12 blink frogs
  2 polar bears
  2 tyrant leeches (Lair:5)
  7 dream sheep (Lair:3)
  47 yaks
  3 wyverns
  4 wraiths
  A culicivora (Lair:3)
  2 basilisks (Lair:2)
  Grum (D:8)
  A steam dragon (Lair:3)
  4 vampire mosquitoes (Lair:5)
  4 redbacks (Lair:3)
  A swamp drake (D:10)
  12 water moccasins
  3 black bears
  7 orc warriors
  A sky beast (D:7)
  3 ogres
  9 wolves
  4 centaurs
  3 kobold brigands
  14 bullfrogs
  A necrophage (D:5)
  3 gnoll sergeants
  3 scorpions
  7 wights
  30 killer bees
  3 howler monkeys
  2 electric eels
  6 hounds
  A jelly (D:6)
  9 orc priests
  A gnoll bouda (D:5)
  5 iguanas
  21 orc wizards
  6 adders
  11 gnolls
  2 shadow imps
  A white imp (D:6)
  An ufetubus (D:5)
  6 worms
  5 dart slugs
  55 orcs
  9 ball pythons
  6 bats
  9 endoplasms
  6 giant cockroaches
  9 goblins
  4 hobgoblins
  5 jackals
  5 quokkas
  A frilled lizard (D:2)
  25 kobolds
  7 rats
  A spectral goblin (D:11)
443 creatures vanquished.

Vanquished Creatures (others)
  A human (D:6)
  A bullfrog (Lair:3)
  26 fungi
  70 plants
98 creatures vanquished.

Grand Total: 541 creatures vanquished

Notes
Turn   | Place    | Note
-------+----------+-------------------------------------------
     0 | D:1      | qw the Gargoyle Fighter began the quest for the Orb.
     0 | D:1      | Reached XP level 1. HP: 14/14 MP: 1/1
     0 | D:1      | 0 ||| qw: Version: 0.1-a-119-g272c26d
     0 | D:1      | 0 ||| qw: Game counter: 11022
     0 | D:1      | 0 ||| qw: Always use a shield: true
     0 | D:1      | 0 ||| qw: God list: Okawaru
     0 | D:1      | 0 ||| qw: Allow faded altars: false
     0 | D:1      | 0 ||| qw: Do Orc after D:15 true
     0 | D:1      | 0 ||| qw: Do second Lair branch before Depths: true
     0 | D:1      | 0 ||| qw: Lair rune preference: random
     0 | D:1      | 0 ||| qw: Plans: Normal, Zot, God:TSO, Crypt, Tomb, Pan,
                  | Slime, Hells, Zig, Abyss, Orb
     0 | D:1      | 0 ||| PLANNING D:1-11
    55 | D:1      | Reached skill level 2 in Axes
   136 | D:1      | 136 ||| Stepping ~*~*~tactically~*~*~ (hiding).
   264 | D:1      | Reached XP level 2. HP: 19/19 MP: 2/2
   670 | D:1      | 670 ||| Stepping ~*~*~tactically~*~*~ (stealth).
   734 | D:1      | Reached skill level 3 in Axes
   846 | D:1      | Reached XP level 3. HP: 21/23 MP: 3/3
   881 | D:1      | 881 ||| Stepping ~*~*~tactically~*~*~ (stealth).
   884 | D:1      | 884 ||| Stepping ~*~*~tactically~*~*~ (stealth).
  1466 | D:1      | 1466 ||| UPGRADING to +0 plate armour.
  1476 | D:1      | 1476 ||| DROPPING +0 scale mail.
  1477 | D:1      | 1477 ||| READING 3 scrolls labelled ZAEDGH OKHLEBAM.
  1482 | D:1      | 1482 ||| READING 2 scrolls labelled LOBICS UNUK.
  1483 | D:1      | 1483 ||| READING scroll labelled RORUAFO QALEOGGA.
  1484 | D:1      | 1484 ||| READING scroll labelled HIACY DUTECH.
  1485 | D:1      | 1485 ||| READING scroll labelled XEBLAI WIUMN.
  1486 | D:1      | 1486 ||| READING scroll labelled GENORAGA XOAN.
  1487 | D:1      | 1487 ||| READING scroll labelled PUONGA PEWAKO.
  1591 | D:2      | 1591 ||| Stepping ~*~*~tactically~*~*~ (stealth).
  1648 | D:2      | Reached XP level 4. HP: 28/28 MP: 4/4
  1655 | D:2      | 1655 ||| Stepping ~*~*~tactically~*~*~ (stealth).
  1762 | D:2      | Reached skill level 4 in Axes
  1767 | D:2      | 1767 ||| Stepping ~*~*~tactically~*~*~ (stealth).
  1769 | D:2      | 1769 ||| Stepping ~*~*~tactically~*~*~ (stealth).
  2381 | D:2      | 2381 ||| Stepping ~*~*~tactically~*~*~ (stealth).
  2529 | D:2      | 2529 ||| UPGRADING to +0 helmet.
  2534 | D:2      | 2534 ||| UPGRADING to +2 pair of gloves.
  2539 | D:2      | 2539 ||| UPGRADING to +4 ring of evasion.
  2540 | D:2      | 2540 ||| READING scroll labelled YLYPTI VIRUYZ.
  2541 | D:2      | 2541 ||| READING scroll labelled WYG ECKITECEN.
  2542 | D:2      | 2542 ||| READING 2 scrolls of identify.
  2542 | D:2      | 2542 ||| IDENTIFYING ruby potion
  3176 | D:3      | Found a runed translucent door.
  3177 | D:3      | Noticed Crazy Yiuf
  3189 | D:3      | 3189 ||| Stepping ~*~*~tactically~*~*~ (stealth).
  3195 | D:3      | 3195 ||| Stepping ~*~*~tactically~*~*~ (stealth).
  3197 | D:3      | 3197 ||| Stepping ~*~*~tactically~*~*~ (hiding).
  3207 | D:3      | Reached XP level 5. HP: 28/32 MP: 5/5
  3210 | D:3      | Reached skill level 5 in Axes
  3400 | D:3      | 3400 ||| SWAPPING to +2 vampiric hand axe.
  3484 | D:3      | Found a faded altar of an unknown god.
  3588 | D:3      | 3588 ||| UPGRADING to +1 cloak of stealth.
  3593 | D:3      | 3593 ||| DROPPING amulet of magic regeneration.
  3594 | D:3      | 3594 ||| DRINKING 2 bubbling pink potions.
  3595 | D:3      | 3595 ||| READING 3 scrolls of identify.
  3595 | D:3      | 3595 ||| IDENTIFYING puce potion
  3596 | D:3      | 3596 ||| READING 2 scrolls of identify.
  3596 | D:3      | 3596 ||| IDENTIFYING viscous sapphire potion
  3597 | D:3      | 3597 ||| DROPPING potion of flight.
  3598 | D:3      | 3598 ||| DROPPING potion of brilliance.
  3635 | D:4      | 3635 ||| Stepping ~*~*~tactically~*~*~ (stealth).
  3908 | D:4      | Reached XP level 6. HP: 38/38 MP: 6/6
  3925 | D:4      | Identified the +1 halberd "Yzxehuc" {distort, rElec rN++
                  | Int+4 Dex-4}
  3993 | D:4      | 3993 ||| Stepping ~*~*~tactically~*~*~ (stealth).
  4206 | D:4      | 4206 ||| Stepping ~*~*~tactically~*~*~ (stealth).
  4207 | D:4      | 4207 ||| Stepping ~*~*~tactically~*~*~ (stealth).
  4360 | D:4      | Reached skill level 6 in Axes
  4368 | D:4      | Found a bloodstained altar of Trog.
  4368 | D:4      | Found a broken altar of Ashenzari.
  4368 | D:4      | Found an opulent altar of Gozag.
  4368 | D:4      | Found a shadowy altar of Dithmenos.
  4375 | D:4      | Found a glowing silver altar of Zin.
  4375 | D:4      | Found a white marble altar of Elyvilon.
  4380 | D:4      | 4380 ||| DRINKING 2 viscous red potions.
  4485 | D:4      | 4485 ||| READING 2 scrolls of identify.
  4485 | D:4      | 4485 ||| IDENTIFYING coppery potion
  4486 | D:4      | 4486 ||| DROPPING potion of berserk rage.
  4502 | D:5      | Entered Level 5 of the Dungeon
  4553 | D:5      | Reached XP level 7. HP: 43/43 MP: 7/7
  4698 | D:5      | 4698 ||| Stepping ~*~*~tactically~*~*~ (stealth).
  4763 | D:5      | 4763 ||| Stepping ~*~*~tactically~*~*~ (stealth).
  4764 | D:5      | 4764 ||| Stepping ~*~*~tactically~*~*~ (stealth).
  4776 | D:5      | 4776 ||| DROPPING +1 whip of draining.
  4794 | D:5      | Reached skill level 1 in Throwing
  4891 | D:5      | Found an iron altar of Okawaru.
  4942 | D:5      | 4942 ||| Stepping ~*~*~tactically~*~*~ (stealth).
  5091 | D:5      | Reached skill level 7 in Axes
  5119 | D:5      | 5119 ||| Stepping ~*~*~tactically~*~*~ (stealth).
  5131 | D:5      | Reached XP level 8. HP: 49/49 MP: 8/8
  5143 | D:5      | Reached skill level 1 in Dodging
  5598 | D:5      | 5598 ||| UPGRADING to ring of protection from fire.
  5599 | D:5      | 5599 ||| READING 3 scrolls labelled POZOPE QOILO.
  5658 | D:5      | 5658 ||| DRINKING 2 grey potions.
  5659 | D:5      | 5659 ||| DROPPING 2 scrolls of torment.
  5735 | D:5      | Became a worshipper of Warmaster Okawaru
  5810 | D:6      | 5810 ||| Stepping ~*~*~tactically~*~*~ (hiding).
  5812 | D:6      | 5812 ||| Stepping ~*~*~tactically~*~*~ (hiding).
  5937 | D:6      | Found Tuquhu's Weapon Boutique.
  5941 | D:6      | 5941 ||| Stepping ~*~*~tactically~*~*~ (hiding).
  6093 | D:6      | 6093 ||| Stepping ~*~*~tactically~*~*~ (hiding).
  6131 | D:6      | Reached * piety under Okawaru
  6137 | D:6      | 6137 ||| INVOKING Heroism.
  6139 | D:6      | Reached skill level 8 in Axes
  6223 | D:6      | 6223 ||| Stepping ~*~*~tactically~*~*~ (stealth).
  6243 | D:6      | 6243 ||| INVOKING Heroism.
  6351 | D:6      | Found an ancient bone altar of Kikubaaqudgha.
  6496 | D:6      | Reached skill level 1 in Invocations
  6583 | D:6      | 6583 ||| READING scroll labelled ZOLAHO DULEFF.
  6601 | D:7      | Reached skill level 6 in Fighting
  6601 | D:7      | Reached XP level 9. HP: 55/55 MP: 10/10
  6637 | D:7      | Found a snail-covered altar of Cheibriados.
  6645 | D:7      | 6645 ||| INVOKING Heroism.
  6654 | D:7      | Reached skill level 3 in Invocations
  6747 | D:7      | 6747 ||| FLEEEEING.
  6750 | D:7      | 6750 ||| FLEEEEING.
  6751 | D:7      | 6751 ||| FLEEEEING.
  6752 | D:7      | 6752 ||| FLEEEEING.
  6753 | D:7      | 6753 ||| FLEEEEING.
  6754 | D:7      | 6754 ||| FLEEEEING.
  6755 | D:7      | 6755 ||| FLEEEEING.
  6756 | D:7      | 6756 ||| FLEEEEING.
  6757 | D:7      | 6757 ||| FLEEEEING.
  6759 | D:7      | 6759 ||| FLEEEEING.
  6760 | D:7      | 6760 ||| FLEEEEING.
  6762 | D:7      | 6762 ||| FLEEEEING.
  6765 | D:7      | 6765 ||| FLEEEEING.
  6766 | D:7      | 6766 ||| FLEEEEING.
  6767 | D:7      | 6767 ||| FLEEEEING.
  6768 | D:7      | 6768 ||| FLEEEEING.
  6771 | D:7      | 6771 ||| FLEEEEING.
  6774 | D:7      | 6774 ||| FLEEEEING.
  6775 | D:7      | 6775 ||| FLEEEEING.
  6776 | D:7      | 6776 ||| FLEEEEING.
  6777 | D:7      | 6777 ||| FLEEEEING.
  6778 | D:7      | 6778 ||| FLEEEEING.
  6779 | D:7      | 6779 ||| FLEEEEING.
  6780 | D:7      | 6780 ||| FLEEEEING.
  6781 | D:7      | 6781 ||| FLEEEEING.
  6825 | D:7      | 6825 ||| INVOKING Heroism.
  6840 | D:7      | 6840 ||| Stepping ~*~*~tactically~*~*~ (stealth).
  6841 | D:7      | 6841 ||| Stepping ~*~*~tactically~*~*~ (stealth).
  6898 | D:7      | 6898 ||| FLEEEEING.
  6899 | D:7      | 6899 ||| STAIRDANCE
  6954 | D:6      | 6954 ||| READING scroll labelled QEIFUZ HAJAPPE.
  7142 | D:7      | 7142 ||| Stepping ~*~*~tactically~*~*~ (stealth).
  7144 | D:7      | 7144 ||| Stepping ~*~*~tactically~*~*~ (stealth).
  7145 | D:7      | 7145 ||| INVOKING Heroism.
  7168 | D:7      | Reached skill level 9 in Axes
  7196 | D:7      | Found a hide-covered altar of Uskayaw.
  7202 | D:7      | Found a sparkling altar of Nemelex Xobeh.
  7202 | D:7      | Found a blossoming altar of Fedhas.
  7276 | D:7      | Found a staircase to the Ecumenical Temple.
  7277 | D:7      | 7277 ||| INVOKING Heroism.
  7411 | D:7      | Reached skill level 6 in Armour
  7454 | D:7      | 7454 ||| READING scroll labelled MYUCOGGA JUAJ.
  7467 | D:8      | Noticed Grum
  7468 | D:8      | 7468 ||| Stepping ~*~*~tactically~*~*~ (stealth).
  7475 | D:8      | 7475 ||| INVOKING Heroism.
  7489 | D:8      | Reached ** piety under Okawaru
  7500 | D:8      | Killed Grum
  7502 | D:8      | 7502 ||| Stepping ~*~*~tactically~*~*~ (stealth).
  7506 | D:8      | 7506 ||| Stepping ~*~*~tactically~*~*~ (hiding).
  7507 | D:8      | 7507 ||| Stepping ~*~*~tactically~*~*~ (hiding).
  7521 | D:8      | 7521 ||| DRINKING potion of curing.
  7521 | D:8      | 7521 ||| (to cure confusion)
  7548 | D:8      | 7548 ||| Stepping ~*~*~tactically~*~*~ (stealth).
  7613 | D:8      | 7613 ||| DROPPING +0 flail.
  7664 | D:8      | 7664 ||| INVOKING Heroism.
  7678 | D:8      | Reached XP level 10. HP: 63/63 MP: 11/13
  7741 | D:8      | 7741 ||| READING scroll of enchant armour.
  7741 | D:8      | 7741 ||| ENCHANTING +0 helmet.
  7744 | D:8      | Noticed a two-headed ogre
  7745 | D:8      | Found Wofub's General Store.
  7747 | D:8      | 7747 ||| INVOKING Heroism.
  7759 | D:8      | Killed a two-headed ogre
  7759 | D:8      | Reached *** piety under Okawaru
  7760 | D:8      | Reached skill level 10 in Axes
  7771 | D:8      | 7771 ||| BUYING potion of curing (48 gold).
  7771 | D:8      | Bought a potion of curing for 48 gold pieces
  7771 | D:8      | 7771 ||| BUYING potion of mutation (128 gold).
  7771 | D:8      | Bought a potion of mutation for 128 gold pieces
  7771 | D:8      | 7771 ||| BUYING scroll of fog (64 gold).
  7771 | D:8      | Bought a scroll of fog for 64 gold pieces
  7771 | D:8      | 7771 ||| BUYING scroll of identify (32 gold).
  7771 | D:8      | Bought a scroll of identify for 32 gold pieces
  7817 | D:8      | 7817 ||| Stepping ~*~*~tactically~*~*~ (stealth).
  7819 | D:8      | 7819 ||| Stepping ~*~*~tactically~*~*~ (stealth).
  7820 | D:8      | 7820 ||| Stepping ~*~*~tactically~*~*~ (stealth).
  7830 | D:8      | 7830 ||| Stepping ~*~*~tactically~*~*~ (hiding).
  7833 | D:8      | 7833 ||| INVOKING Heroism.
  7938 | D:8      | 7938 ||| INVOKING Heroism.
  7961 | D:8      | Found a shimmering blue altar of Sif Muna.
  7990 | D:8      | 7990 ||| DRINKING 3 potions of curing.
  7990 | D:8      | 7990 ||| (to cure confusion)
  7998 | D:8      | 7998 ||| DRINKING 2 potions of curing.
  7998 | D:8      | 7998 ||| (to cure confusion)
  8204 | D:8      | 8204 ||| Stepping ~*~*~tactically~*~*~ (stealth).
  8205 | D:8      | 8205 ||| Stepping ~*~*~tactically~*~*~ (stealth).
  8207 | D:8      | 8207 ||| INVOKING Heroism.
  8434 | D:8      | 8434 ||| UPGRADING to +0 pair of boots.
  8439 | D:8      | 8439 ||| READING scroll labelled NIZAEGH FUETIN.
  8440 | D:8      | 8440 ||| READING 4 scrolls of identify.
  8440 | D:8      | 8440 ||| IDENTIFYING glowing cyan potion
  8464 | D:9      | 8464 ||| INVOKING Heroism.
  8465 | D:9      | 8465 ||| STAIRDANCE
  8465 | D:9      | Noticed a two-headed ogre
  8521 | D:9      | 8521 ||| STAIRDANCE
  8523 | D:8      | 8523 ||| INVOKING Heroism.
  8536 | D:8      | Killed a two-headed ogre
  8783 | D:9      | Noticed a boulder beetle
  8784 | D:9      | 8784 ||| INVOKING Heroism.
  8807 | D:9      | Killed a boulder beetle
  8807 | D:9      | Reached **** piety under Okawaru
  8808 | D:9      | Reached skill level 11 in Axes
  8808 | D:9      | Reached XP level 11. HP: 68/68 MP: 14/14
  8902 | D:9      | 8902 ||| Stepping ~*~*~tactically~*~*~ (stealth).
  8941 | D:9      | 8941 ||| INVOKING Heroism.
  8951 | D:9      | 8951 ||| Stepping ~*~*~tactically~*~*~ (stealth).
  8982 | D:9      | 8982 ||| INVOKING Heroism.
  9107 | D:9      | 9107 ||| DROPPING scarf of shadows.
  9108 | D:9      | 9108 ||| UPGRADING to +1 pair of boots.
  9118 | D:9      | 9118 ||| DROPPING +0 pair of boots.
  9133 | D:10     | Entered Level 10 of the Dungeon
  9134 | D:10     | 9134 ||| INVOKING Heroism.
  9137 | D:10     | 9137 ||| STAIRDANCE
  9220 | D:10     | 9220 ||| STAIRDANCE
  9227 | D:10     | 9227 ||| STAIRDANCE
  9249 | D:10     | 9249 ||| READING scroll of enchant armour.
  9249 | D:10     | 9249 ||| ENCHANTING +1 helmet.
  9402 | D:10     | 9402 ||| Stepping ~*~*~tactically~*~*~ (stealth).
  9547 | D:10     | 9547 ||| Stepping ~*~*~tactically~*~*~ (stealth).
  9549 | D:10     | 9549 ||| INVOKING Heroism.
  9562 | D:10     | 9562 ||| Stepping ~*~*~tactically~*~*~ (stealth).
  9563 | D:10     | 9563 ||| Stepping ~*~*~tactically~*~*~ (stealth).
  9689 | D:10     | 9689 ||| Stepping ~*~*~tactically~*~*~ (hiding).
  9693 | D:10     | 9693 ||| Stepping ~*~*~tactically~*~*~ (hiding).
  9744 | D:10     | 9744 ||| Stepping randomly (disturbance).
  9760 | D:10     | 9760 ||| READING scroll of enchant weapon.
  9760 | D:10     | 9760 ||| ENCHANTING +2 vampiric hand axe.
  9778 | D:10     | Found a staircase to the Orcish Mines.
  9790 | D:10     | 9790 ||| INVOKING Heroism.
  9808 | D:10     | Reached skill level 9 in Fighting
  9955 | D:10     | 9955 ||| INVOKING Heroism.
 10087 | D:10     | 10087 ||| INVOKING Heroism.
 10251 | D:10     | 10251 ||| DROPPING +3 flail of freezing.
 10379 | D:11     | Found Daar's Magic Scroll Shoppe.
 10387 | D:11     | 10387 ||| BUYING scroll of blinking (120 gold).
 10387 | D:11     | Bought a scroll of blinking for 120 gold pieces
 10387 | D:11     | 10387 ||| BUYING scroll of identify (32 gold).
 10387 | D:11     | Bought a scroll of identify for 32 gold pieces
 10387 | D:11     | 10387 ||| BUYING scroll of identify (32 gold).
 10387 | D:11     | Bought a scroll of identify for 32 gold pieces
 10387 | D:11     | 10387 ||| BUYING scroll of identify (32 gold).
 10387 | D:11     | Bought a scroll of identify for 32 gold pieces
 10387 | D:11     | 10387 ||| BUYING scroll of teleportation (48 gold).
 10387 | D:11     | Bought a scroll of teleportation for 48 gold pieces
 10387 | D:11     | 10387 ||| SHOPLISTING scroll of teleportation (48 gold,
                  | have 44).
 10470 | D:11     | Noticed a cyclops
 10472 | D:11     | 10472 ||| READING 4 scrolls of teleportation.
 10481 | D:11     | Reached skill level 6 in Invocations
 10530 | D:11     | Found a staircase to the Lair.
 10531 | D:11     | 10531 ||| INVOKING Heroism.
 10668 | D:11     | 10668 ||| READING 3 scrolls of teleportation.
 10675 | D:11     | Noticed a cyclops
 10676 | D:11     | 10676 ||| INVOKING Heroism.
 10683 | D:11     | Killed a cyclops
 10752 | D:11     | Reached ***** piety under Okawaru
 10755 | D:11     | 10755 ||| INVOKING Heroism.
 10791 | D:11     | 10791 ||| Stepping ~*~*~tactically~*~*~ (stealth).
 10794 | D:11     | 10794 ||| INVOKING Heroism.
 10810 | D:11     | Reached skill level 9 in Armour
 11080 | D:11     | Found a hazy altar of Hepliaklqana.
 11088 | D:11     | 11088 ||| PLANNING LAIR
 11116 | Lair:1   | Entered Level 1 of the Lair of Beasts
 11122 | Lair:1   | 11122 ||| INVOKING Heroism.
 11227 | Lair:1   | 11227 ||| INVOKING Heroism.
 11412 | Lair:1   | 11412 ||| Stepping ~*~*~tactically~*~*~ (stealth).
 11419 | Lair:1   | 11419 ||| Stepping ~*~*~tactically~*~*~ (stealth).
 11420 | Lair:1   | 11420 ||| INVOKING Heroism.
 11475 | Lair:1   | Noticed Urug
 11476 | Lair:1   | 11476 ||| Stepping ~*~*~tactically~*~*~ (hiding).
 11478 | Lair:1   | 11478 ||| Stepping ~*~*~tactically~*~*~ (hiding).
 11479 | Lair:1   | 11479 ||| INVOKING Heroism.
 11480 | Lair:1   | 11480 ||| INVOKING Finesse.
 11506 | Lair:1   | Killed Urug
 11507 | Lair:1   | Reached XP level 12. HP: 58/76 MP: 11/18
 11600 | Lair:1   | 11600 ||| Stepping ~*~*~tactically~*~*~ (stealth).
 11601 | Lair:1   | 11601 ||| INVOKING Heroism.
 11615 | Lair:1   | Reached skill level 3 in Throwing
 11667 | Lair:1   | Noticed Maggie
 11705 | Lair:1   | Killed Maggie
 11706 | Lair:1   | Reached skill level 12 in Axes
 11706 | Lair:1   | Reached skill level 9 in Invocations
 11790 | Lair:1   | 11790 ||| INVOKING Heroism.
 11841 | Lair:1   | 11841 ||| READING scroll of enchant weapon.
 11841 | Lair:1   | 11841 ||| ENCHANTING +3 vampiric hand axe.
 11866 | Lair:1   | 11866 ||| Stepping ~*~*~tactically~*~*~ (stealth).
 11867 | Lair:1   | 11867 ||| Stepping ~*~*~tactically~*~*~ (stealth).
 11872 | Lair:1   | 11872 ||| Stepping ~*~*~tactically~*~*~ (stealth).
 11873 | Lair:1   | 11873 ||| INVOKING Heroism.
 12304 | Lair:1   | 12304 ||| INVOKING Heroism.
 12328 | Lair:1   | Reached skill level 6 in Shields
 12334 | Lair:1   | Identified the +0 pair of gloves "Obuthyz" {rElec MP+9}
                  | (Okawaru gifted it to you on level 1 of the Lair of Beasts)
 12334 | Lair:1   | Received a gift from Okawaru
 12372 | Lair:1   | 12372 ||| DROPPING +0 pair of gloves "Obuthyz" {rElec
                  | MP+9}.
 12373 | Lair:1   | 12373 ||| READING scroll labelled ELUALY MAYSAON.
 12373 | Lair:1   | Identified a scroll of acquirement
 12373 | Lair:1   | 12373 ||| ACQUIRING +1 pair of gloves "Vyrghaoba" {Drain
                  | +Inv Str+4}
 12373 | Lair:1   | Acquired the +1 pair of gloves "Vyrghaoba" {Drain +Inv
                  | Str+4}
 12375 | Lair:1   | 12375 ||| UPGRADING to +1 pair of gloves "Vyrghaoba" {Drain
                  | +Inv Str+4}.
 12385 | Lair:1   | 12385 ||| DROPPING +2 pair of gloves.
 12425 | Lair:2   | 12425 ||| Stepping ~*~*~tactically~*~*~ (hiding).
 12645 | Lair:2   | 12645 ||| INVOKING Heroism.
 12698 | Lair:2   | 12698 ||| Stepping ~*~*~tactically~*~*~ (stealth).
 12706 | Lair:2   | 12706 ||| INVOKING Heroism.
 12795 | Lair:2   | 12795 ||| Stepping ~*~*~tactically~*~*~ (stealth).
 12798 | Lair:2   | 12798 ||| INVOKING Heroism.
 13373 | Lair:2   | 13373 ||| READING 12 scrolls of identify.
 13373 | Lair:2   | 13373 ||| IDENTIFYING orange potion
 13396 | Lair:3   | 13396 ||| Stepping ~*~*~tactically~*~*~ (stealth).
 13397 | Lair:3   | 13397 ||| Stepping ~*~*~tactically~*~*~ (stealth).
 13398 | Lair:3   | 13398 ||| Stepping ~*~*~tactically~*~*~ (stealth).
 13400 | Lair:3   | 13400 ||| INVOKING Heroism.
 13432 | Lair:3   | Reached skill level 13 in Axes
 13486 | Lair:3   | 13486 ||| Stepping ~*~*~tactically~*~*~ (stealth).
 13488 | Lair:3   | 13488 ||| INVOKING Heroism.
 13495 | Lair:3   | Reached XP level 13. HP: 82/82 MP: 17/20
 13623 | Lair:3   | Found a staircase to the Shoals.
 13654 | Lair:3   | 13654 ||| INVOKING Heroism.
 13844 | Lair:3   | Found a hole to the Spider Nest.
 13848 | Lair:3   | 13848 ||| INVOKING Heroism.
 13914 | Lair:3   | 13914 ||| INVOKING Heroism.
 14075 | Lair:3   | Found a dark tunnel.
 14335 | Lair:3   | 14335 ||| UPGRADING to +2 chain mail of cold resistance.
 14345 | Lair:3   | 14345 ||| READING 12 scrolls of identify.
 14345 | Lair:3   | 14345 ||| IDENTIFYING fuming grey potion
 14346 | Lair:3   | 14346 ||| READING 11 scrolls of identify.
 14346 | Lair:3   | 14346 ||| IDENTIFYING fuming dark potion
 14347 | Lair:3   | 14347 ||| DROPPING potion of invisibility.
 14395 | Lair:4   | 14395 ||| STAIRDANCE
 14629 | Lair:4   | 14629 ||| Stepping ~*~*~tactically~*~*~ (stealth).
 14764 | Lair:4   | 14764 ||| INVOKING Heroism.
 14820 | Lair:4   | You fall into a shaft and drop 1 floor!
 14820 | Lair:5   | Entered Level 5 of the Lair of Beasts
 14820 | Lair:5   | Found a staircase to the Slime Pits.
 14820 | Lair:5   | Found a viscous altar of Jiyva.
 14841 | Lair:5   | Reached skill level 14 in Axes
 14842 | Lair:5   | 14842 ||| INVOKING Heroism.
 14850 | Lair:5   | HP: 18/82 [polar bear (6)]
 14851 | Lair:5   | 14851 ||| READING 2 scrolls of teleportation.
 14872 | Lair:5   | Identified the +1 hat of Bosmiqea {rElec Dex+3} (Okawaru
                  | gifted it to you on level 5 of the Lair of Beasts)
 14872 | Lair:5   | Received a gift from Okawaru
 14874 | Lair:5   | Noticed Rupert
 14875 | Lair:5   | 14875 ||| INVOKING Finesse.
 14880 | Lair:5   | 14880 ||| INVOKING Heroism.
 14903 | Lair:5   | Paralysed by Rupert for 4 turns
 14908 | Lair:5   | 14908 ||| DRINKING 5 potions of curing.
 14908 | Lair:5   | 14908 ||| (to cure confusion)
 14909 | Lair:5   | HP: 8/84 [Rupert/+4 vampiric great sword (29)]
 14910 | Lair:5   | 14910 ||| READING scroll of teleportation.
 14913 | Lair:5   | Annihilated by Rupert

Levels and vault maps discovered:
D:1:      sevenhm_arrival_forest_fort_small_6, layout_loops_corners,
          minmay_pentomino_q2
D:2:      layout_loops_ring, columned_hall_lemuel, serial_bayou_pond_e
D:3:      layout_basic, ebering_ecumenical_altar_mist, minmay_misc_feat_x,
          uniq_crazy_yiuf_cottage
D:4:      layout_loops_ring, minmay_overflow_temple_hex, minmay_checkerbox
D:5:      layout_basic, lemuel_tele_altar, minmay_pentangle
D:6:      layout_rooms, tgw_kikubaaqudgha, serial_shops,
          nicolae_shop_bloodbath_and_beyond
D:7:      layout_rooms, slow_altar_1,
          chequers_temple_overflow_statue_of_worship,
          minmay_temple_entry_proselytizer, amcnicky_mini_pool_medium
D:8:      layout_cave_pools, kennysheep_orc_sif_temple, serial_shops, shop,
          uniq_grum
D:9:      layout_basic
D:10:     layout_loops_cross, erik_orc_1, kennysheep_pointless_box,
          minmay_large_rounded_square, kennysheep_generic_room_7
D:11:     layout_loops_ring, grunt_lair_entry_orc_guard_hut, serial_shops,
          nicolae_shop_waterfront, serial_aquarium, aquarium_bridge_square
          [aquarium_subvault_bridge, aquarium_subvault_balcony,
          aquarium_subvault_bridge, aquarium_subvault_window],
          aquarium_window_1, aquarium_window_2, aquarium_window_1,
          aquarium_view_2e, aquarium_view_2b, aquarium_pool_2, chequers_garden,
          nicolae_hepliaklqana_monster_ancestors
Lair:1:   layout_gridlike, uniq_maggie, uniq_urug
Lair:2:   layout_roguey [special_room_bee], grunt_megastairs_2,
          lemuel_fruit_tree
Lair:3:   layout_gridlike, minmay_shoals_entry_lonely_mermaid,
          nicolae_spider_entry_tight_spaces, nicolae_volcano_entry_hallway
Lair:4:   layout_long_grid, serial_forest, infiniplex_forest_split,
          infiniplex_forest_3_way, infiniplex_forest_pool,
          infiniplex_forest_side_room, infiniplex_forest_clump_small,
          infiniplex_forest_lined_corner, infiniplex_forest_lined_2,
          infiniplex_forest_corner_2, serial_bayou_lagoon_b
Lair:5:   minmay_lair_end_frog_pond, layout_regular_city, slime_entry_1,
          nicolae_lair_liquid_snakes, infiniplex_staircase_pool, uniq_nessos,
          uniq_rupert

Skill      XL: |  1  2  3  4  5  6  7  8  9 10 11 12 13 |
---------------+----------------------------------------+-----
Axes           | 2 3 4 5 6 7 8 9 11 13 14 | 14.0
Fighting       | 4 5 6 7 8 9 10 | 10.9
Armour         | 4 5 6 8 9 10 | 10.0
Throwing       | 1 2 4 |  4.0
Dodging        | 1 2 |  2.0
Invocations    | 2 4 8 10 | 10.0
Shields        | 4 5 6 |  6.7

Action                   |  1- 3 |  4- 6 |  7- 9 | 10-12 | 13-15 || total
-------------------------+-------+-------+-------+-------+-------++-------
Melee: War axe           |    89 |   109 |       |       |       ||   198
       Hand axe          |       |   103 |   451 |  1012 |   228 ||  1794
Throw: Boomerang         |       |     2 |    39 |    63 |       ||   104
       Javelin           |       |       |       |    30 |    27 ||    57
Invok: Heroism           |       |       |     8 |    31 |     6 ||    45
       Finesse           |       |       |       |     1 |     1 ||     2
  Use: Scroll            |     7 |     6 |     4 |    10 |     4 ||    31
       Potion            |       |     2 |     2 |     2 |     1 ||     7
 Stab: Confused          |       |       |       |     1 |       ||     1
Armor: Scale mail        |    32 |       |       |       |       ||    32
       Plate armour      |     4 |   123 |   263 |   403 |    24 ||   817
       Chain mail        |       |       |       |       |   109 ||   109
Dodge: Dodged            |    25 |    96 |   188 |   379 |   166 ||   854
Block: Buckler           |    11 |    26 |    85 |   177 |    74 ||   373

Table legend:
 A = Non-vault XP
 B = Vault XP
 C = Vault XP percentage of total XP
 D = Non-vault monster count
 E = Vault monster count
 F = Vault count percentage of total count
                 A         B        C        D         E       F
            +---------+---------+-------+---------+---------+-------
      Total |   33088 |   12526 |  27.5 |     339 |     105 |  23.6
            +---------+---------+-------+---------+---------+-------
        D:1 |      48 |       3 |   5.9 |      28 |       2 |   6.7
        D:2 |      90 |       0 |   0.0 |      25 |       0 |   0.0
        D:3 |     117 |       0 |   0.0 |      18 |       0 |   0.0
        D:4 |     180 |      87 |  32.6 |      15 |       4 |  21.1
        D:5 |     509 |     405 |  44.3 |      20 |       9 |  31.0
        D:6 |     909 |       0 |   0.0 |      22 |       0 |   0.0
        D:7 |    1176 |     221 |  15.8 |      28 |       6 |  17.6
        D:8 |    4148 |     624 |  13.1 |      43 |       6 |  12.2
        D:9 |    2234 |       0 |   0.0 |      21 |       0 |   0.0
       D:10 |    1299 |     784 |  37.6 |      16 |      18 |  52.9
       D:11 |    2003 |     434 |  17.8 |       8 |       6 |  42.9
     Lair:1 |    7227 |    1159 |  13.8 |      34 |       2 |   5.6
     Lair:2 |    2685 |    1987 |  42.5 |       9 |      26 |  74.3
     Lair:3 |    5691 |    1409 |  19.8 |      28 |       6 |  17.6
     Lair:4 |    2227 |       0 |   0.0 |      13 |       0 |   0.0
     Lair:5 |    2545 |    5413 |  68.0 |      11 |      20 |  64.5
            +---------+---------+-------+---------+---------+-------
